 Dungeon Crawl Stone Soup version 0.29.1-15-g9cfb28693d (webtiles) character file.

Game seed: 15104320589218988505

3878 nshep25 the Thaumaturge (level 10, -2/51 HPs)
             Began as a Deep Elf Conjurer on Mar 6, 2023.
             Was a Follower of Vehumet.
             Killed from afar by a deep elf pyromancer (32 damage)
             ... with a bolt of fire
             ... on level 7 of the Dungeon.
             The game lasted 00:23:27 (8384 turns).

nshep25 the Thaumaturge (Deep Elf Conjurer)         Turns: 8384, Time: 00:23:29

Health: -2/51      AC:  6    Str:  6    XL:     10   Next: 0%
Magic:  19/28      EV: 13    Int: 32    God:    Vehumet [*.....]
Gold:   634        SH:  0    Dex: 13    Spells: 12/33 levels left

rFire   . . .      SeeInvis +   B - +4 quarterstaff (chaos)
rCold   . . .      Faith    .   (shield currently unavailable)
rNeg    . . .      Spirit   .   a - +0 robe
rPois   .          Reflect  .   n - +1 helmet
rElec   .          Harm     .   C - +0 cloak
rCorr   .          Rampage  .   D - +0 pair of gloves
Will    +....                   (no boots)
Stlth   +++.......              o - amulet of magic regeneration
HPRegen 0.17/turn               k - ring of see invisible
MPRegen 0.61/turn               v - +6 ring of intelligence

@: no status effects
A: no striking features
a: Renounce Religion


You were on level 7 of the Dungeon.
You worshipped Vehumet.
Vehumet was aware of your devotion.
You visited 2 branches of the dungeon, and saw 8 of its levels.
You also visited: Sewer.

You collected 634 gold pieces.

Inventory:

Hand Weapons
 r - a +1 scythe of venom
 B - a +4 quarterstaff of chaos (weapon)
Missiles
 c - 120 stones
 H - a throwing net
Armour
 a - a +0 robe (worn)
 n - a +1 helmet (worn)
 s - a +0 robe
 C - a +0 cloak (worn)
 D - a +0 pair of gloves (worn)
Jewellery
 k - a ring of see invisible (left hand)
 l - a ring of poison resistance
 o - an amulet of magic regeneration (around neck)
 v - a +6 ring of intelligence (right hand)
 y - a ring of ice
Wands
 e - a wand of flame (12)
Scrolls
 d - 5 scrolls of identify
 m - a scroll of enchant weapon {unknown}
 q - 2 scrolls of silence {unknown}
 t - a scroll of immolation {unknown}
 u - 3 scrolls of teleportation {unknown}
 x - 2 scrolls of poison {unknown}
 z - 2 scrolls of magic mapping
 E - a scroll of summoning {unknown}
 G - a scroll of fog {unknown}
Potions
 b - a potion of magic
 f - 3 potions of heal wounds
 g - 4 potions of curing
 h - 2 potions of cancellation {unknown}
 i - a potion of haste
 j - 3 potions of lignification
 p - a potion of mutation {unknown}
 w - a potion of attraction {unknown}
 A - 3 potions of brilliance {unknown}
 F - a potion of might {unknown}
 I - a potion of flight {unknown}


   Skills:
 + Level 0.7 Fighting
 + Level 0.7 Polearms
 + Level 4.5 Dodging
 + Level 5.5 Stealth
 + Level 12.3 Spellcasting
 + Level 11.0 Conjurations
 + Level 2.3 Hexes
 + Level 1.2 Translocations


You had 12 spell levels left.
You knew the following spells:

 Your Spells              Type           Power      Damage    Failure   Level
a - Magic Dart            Conj           100%       1d8       1%          1
b - Searing Ray           Conj           100%       2d8       1%          2
c - Iskenderun's Mystic   Conj/Tloc      56%        2d12      1%          4
d - Fulminant Prism       Conj/Hex       29%        3d14      1%          4
e - Iskenderun's Battles  Conj           74%        2d12      1%          5
f - Fireball              Conj/Fire      26%        3d12      7%          5

Your spell library contained the following spells:

 Spells                   Type           Power      Damage    Failure   Level
 Freeze                   Ice            76%        1d9       2%          1
 Dazzling Flash           Conj/Hex       100%       N/A       1%          3
 Sting                    Tmut/Pois      76%        1d6       2%          1
 Blink                    Tloc           56%        N/A       2%          2
 Ensorcelled Hibernation  Hex/Ice        54%        N/A       2%          2
 Passwall                 Tmut/Erth      15%        N/A       3%          2
 Poisonous Vapours        Pois/Air       38%        N/A       3%          2
 Frozen Ramparts          Ice            38%        1d6       7%          3
 Spider Form              Tmut/Pois      19%        N/A       7%          3
 Swiftness                Air            19%        N/A       7%          3
 Anguish                  Hex/Necr       13%        N/A       14%         4
 Orb of Destruction       Conj           37%        9d11      22%         7
 Ice Form                 Ice/Tmut       19%        N/A       24%         4
 Olgreb's Toxic Radiance  Pois           19%        N/A       24%         4
 Summon Ice Beast         Ice/Summ       19%        N/A       24%         4
 Manifold Assault         Tloc           28%        N/A       36%         5
 Conjure Ball Lightning   Conj/Air       26%        3x3d7     36%         6
 Storm Form               Tmut/Air       9%         N/A       100%        7


Dungeon Overview and Level Annotations

Branches:
Dungeon (7/15)             Temple (1/1) D:6           Sewer (visited)

Altars:
Ashenzari
Cheibriados
Dithmenos
Elyvilon
Fedhas
Gozag
Makhleb
Nemelex Xobeh
Okawaru
Qazlal
Ru
Sif Muna
Uskayaw
Vehumet
Wu Jian
Xom
Yredelemnul
Zin
The Shining One

Shops:
D:6 =

Annotations:
D:7 3 runed translucent doors, bronco's ghost, novice KoAr


Message History

A deep elf pyromancer comes into view. It is wielding a +0 rapier.
Casting: Iskenderun's Mystic Blast (dangerous; 1% risk of failure)
Confirm with . or Enter, or press ? or * to list all spells.
You conjure a globe of magical energy.
Casting: Iskenderun's Battlesphere (dangerous; 1% risk of failure)
Confirm with . or Enter, or press ? or * to list all spells.
You can't see any susceptible monsters within range! (Use Z to cast anyway.)
Casting: Iskenderun's Battlesphere (dangerous; 1% risk of failure)
Confirm with . or Enter, or press ? or * to list all spells.
Aiming: Fulminant Prism (dangerous; 1% risk of failure)
Press: ? - help, Dir - move target You conjure a prism of explosive energy!
A fulminant prism comes into view.
Casting: Fulminant Prism (dangerous; 1% risk of failure)
Confirm with . or Enter, or press ? or * to list all spells.
Aiming: Magic Dart (safe; 1% risk of failure)
Press: ? - help, Shift-Dir - straight line, f - deep elf pyromancer
Aim: a deep elf pyromancer, wielding a +0 rapier (ally target, 100% to hit)
The magic dart hits the deep elf pyromancer.
The deep elf pyromancer is lightly wounded.
Your battlesphere fires!
The barrage of energy hits the deep elf pyromancer!
The deep elf pyromancer is heavily wounded.
The deep elf pyromancer points at you and mumbles some strange words.
The bolt of fire hits you!!
Your fulminant prism crackles loudly.
Casting: Magic Dart (safe; 1% risk of failure)
Confirm with . or Enter, or press ? or * to list all spells.
Aiming: Magic Dart (safe; 1% risk of failure)
Press: ? - help, Shift-Dir - straight line, f/p - deep elf pyromancer
Aim: a deep elf pyromancer, wielding a +0 rapier (heavily wounded, ally target, 100% to hit)
The magic dart hits the deep elf pyromancer.
The deep elf pyromancer is heavily wounded.
Your battlesphere fires!
The barrage of energy hits the deep elf pyromancer!
The deep elf pyromancer is severely wounded.
The deep elf pyromancer gestures at you while chanting.
The bolt of fire hits you!!
Ouch! That really hurt!
You die...

.<.##....#......#####.†......##..
..##....##..#.....#.###.......##.
...[....#†..###..##...###.....##>
.###.#.##..###...#.... ###...##.
.......#.....#..##e.# ###.#..
.......###......#..*# #...#
.........###...##..# ##..##
.######### ###.'.*.# #...##
.###############@.## ##...##
..............#.....# #....##
##............###.....# ##....##
###...........#.###..... #.....##
###..........##...###...##.....#
.............#......###.#......#
###..........#.#......###......##
#..........#.##................
#.............#####...##...#...


You could see a deep elf pyromancer (ally target), a friendly fulminant prism
and a friendly battlesphere.

Vanquished Creatures
  An ugly thing (D:7)
  2 trolls (D:7)
  Prince Ribbit (D:6)
  Sigmund (D:3)
  A steam dragon (D:7)
  Duvessa (D:5)
  3 water moccasins
  3 sky beasts (D:7)
  An ice beast (D:7)
  2 black bears (D:6)
  A centaur (D:6)
  A phantom (D:7)
  2 kobold brigands (D:7)
  A bullfrog (Temple)
  A scorpion (D:4)
  A necrophage (D:5)
  Dowan (D:5)
  2 howler monkeys
  5 orc priests
  3 hounds
  A jelly (D:7)
  A gnoll bouda (D:4)
  5 iguanas
  Crazy Yiuf (D:5)
  Natasha (thrice) (D:3)
  5 orc wizards
  12 gnolls
  11 adders
  3 white imps (D:6)
  An ufetubus (D:6)
  3 worms
  3 dart slugs
  8 orcs
  4 ball pythons
  8 endoplasms
  7 giant cockroaches
  7 goblins
  4 hobgoblins
  9 jackals
  16 kobolds
  4 quokkas
  2 bats
  3 frilled lizards
  9 rats
164 creatures vanquished.

Vanquished Creatures (others)
  6 fulminant prisms
6 creatures vanquished.

Grand Total: 170 creatures vanquished

Notes
Turn   | Place    | Note
-------+----------+-------------------------------------------
     0 | D:1      | nshep25 the Deep Elf Conjurer began the quest for the Orb.
     0 | D:1      | Reached XP level 1. HP: 10/10 MP: 6/6
   523 | D:1      | Found a faded altar of an unknown god.
   606 | D:2      | Reached skill level 5 in Conjurations
   606 | D:2      | Reached XP level 2. HP: 15/15 MP: 4/8
   863 | D:2      | Reached XP level 3. HP: 19/19 MP: 5/9
  1524 | D:2      | Reached XP level 4. HP: 24/24 MP: 9/11
  1760 | D:2      | Learned a level 2 spell: Searing Ray
  1765 | D:2      | Learned a level 4 spell: Iskenderun's Mystic Blast
  1891 | D:2      | Found a burning altar of Makhleb.
  2129 | D:3      | Noticed Sigmund
  2141 | D:3      | Killed Sigmund
  2142 | D:3      | Reached skill level 5 in Spellcasting
  2142 | D:3      | Reached XP level 5. HP: 28/28 MP: 6/14
  2142 | D:3      | Reached XP level 6. HP: 32/32 MP: 6/15
  2209 | D:3      | Learned a level 4 spell: Fulminant Prism
  2765 | D:3      | Noticed Natasha
  2768 | D:3      | Killed Natasha
  3116 | D:3      | Identified a scroll of acquirement
  3116 | D:3      | Acquired a book of the Spheres
  3229 | D:3      | Learned a level 5 spell: Iskenderun's Battlesphere
  3254 | D:3      | Noticed Natasha
  3270 | D:3      | Killed Natasha
  4281 | D:3      | Noticed Natasha
  4289 | D:3      | Killed Natasha
  4525 | D:4      | Reached skill level 6 in Spellcasting
  4685 | D:4      | Reached XP level 7. HP: 36/36 MP: 11/19
  4894 | D:4      | Found a stormy altar of Qazlal.
  5239 | D:5      | Entered Level 5 of the Dungeon
  5280 | D:5      | Reached skill level 7 in Spellcasting
  5442 | D:5      | Noticed Dowan
  5444 | D:5      | Noticed Duvessa
  5446 | D:5      | Killed Dowan
  5449 | D:5      | Killed Duvessa
  5450 | D:5      | Reached skill level 8 in Spellcasting
  5549 | D:5      | Found an opulent altar of Gozag.
  5775 | D:5      | Reached skill level 1 in Hexes
  5823 | D:5      | Found a basalt altar of Yredelemnul.
  5824 | D:5      | Found a snail-covered altar of Cheibriados.
  6049 | D:5      | Found a runed translucent door.
  6050 | D:5      | Noticed Crazy Yiuf
  6313 | D:5      | Killed Crazy Yiuf
  6314 | D:5      | Reached XP level 8. HP: 41/41 MP: 13/22
  6360 | D:6      | Noticed Prince Ribbit
  6364 | D:6      | Killed Prince Ribbit
  6408 | D:6      | Found Duef's Jewellery Emporium.
  6415 | D:6      | Reached skill level 9 in Spellcasting
  6457 | D:6      | Found a staircase to the Ecumenical Temple.
  6466 | Temple   | Entered the Ecumenical Temple
  6471 | Temple   | Became a worshipper of Vehumet
  6529 | D:6      | Found a blossoming altar of Fedhas.
  6555 | D:6      | Found a glowing drain.
  6608 | Sewer    | Entered a sewer
  6795 | Sewer    | Learned a level 5 spell: Fireball
  7056 | D:6      | Reached skill level 10 in Spellcasting
  7360 | D:6      | Found an ornate altar of the Wu Jian Council.
  7456 | D:7      | Reached XP level 9. HP: 45/45 MP: 16/25
  7535 | D:7      | Found a runed translucent gate.
  7536 | D:7      | Found a runed translucent gate.
  7536 | D:7      | Found a runed translucent gate.
  7548 | D:7      | Noticed bronco's ghost (novice KoAr)
  7742 | D:7      | Reached * piety under Vehumet
  7742 | D:7      | Offered knowledge of Freeze by Vehumet.
  7808 | D:7      | Found a shimmering altar of Xom.
  7957 | D:7      | Found a sacrificial altar of Ru.
  7990 | D:7      | Reached skill level 11 in Spellcasting
  7990 | D:7      | Reached skill level 10 in Conjurations
  8218 | D:7      | Reached skill level 5 in Stealth
  8267 | D:7      | Noticed a white ugly thing
  8279 | D:7      | Killed a white ugly thing
  8280 | D:7      | Reached skill level 12 in Spellcasting
  8280 | D:7      | Reached skill level 1 in Translocations
  8301 | D:7      | Noticed a troll
  8310 | D:7      | Killed a troll
  8355 | D:7      | Noticed a troll
  8360 | D:7      | Killed a troll
  8361 | D:7      | Reached XP level 10. HP: 51/51 MP: 20/28
  8380 | D:7      | Noticed a deep elf pyromancer
  8384 | D:7      | Killed from afar by a deep elf pyromancer

Illustrated notes

Levels and vault maps discovered:
D:1:      minmay_arrival_shattered_statue, layout_basic,
          chequers_ecumenical_altar_twisty
D:2:      minmay_razor_zed, layout_rooms, basic_altar
D:3:      layout_loops_corners, uniq_sigmund, uniq_natasha
D:4:      layout_loops_cross, grunt_qazlal_clouds
D:5:      layout_cave_pools, nicolae_gozag_cash_rules_everything_around_me,
          gammafunk_temple_overflow_pools, minmay_misc_feat_iff,
          nrook_loot_triangle, minmay_door_square, uniq_duvessa,
          uniq_crazy_yiuf_cottage
D:6:      layout_basic, marbit_many_paths, nzn_wu_jian_council_hall,
          minmay_temple_entry_statues_pillars, serial_shops, shop_coins,
          cheibrodos_sewer_entry_drain, uniq_prince_ribbit1
D:7:      minmay_slanted_spiral_squares, layout_rooms, hangedman_ru_absence,
          kennysheep_mini_moat, biasface_ghost_orc_armoury,
          nicolae_fountain_basement
Temple:   hellmonk_temple_micro_hex

Skill      XL: |  1  2  3  4  5  6  7  8  9 |
---------------+----------------------------+-----
Conjurations   | 5 6 7 8 9 11 | 11.0
Stealth        | 3 4 5 |  5.5
Spellcasting   | 5 6 8 10 12 | 12.3
Dodging        | 3 4 |  4.5
Hexes          | 1 2 |  2.3
Translocations | 1 |  1.2
Fighting       | |  0.7
Polearms       | |  0.7

Action                   |  1- 3 |  4- 6 |  7- 9 | 10-12 || total
-------------------------+-------+-------+-------+-------++-------
Melee: Halberd           |       |     8 |       |       ||     8
 Cast: Magic Dart        |    72 |    71 |   128 |     2 ||   273
       Searing Ray       |       |     9 |    31 |       ||    40
       Iskenderun's Batt |       |     5 |    15 |     1 ||    21
       Fulminant Prism   |       |     1 |     5 |     1 ||     7
       Iskenderun's Myst |       |       |     7 |       ||     7
  Use: Scroll            |       |     9 |       |       ||     9
Armor: Robe              |     1 |     5 |    13 |       ||    19
Dodge: Dodged            |     4 |    12 |    25 |       ||    41
